 Dungeon Crawl Stone Soup version 0.30-a0-305-g026cb31310 (webtiles) character file.

Game seed: 18247420111006090479

160 koil the Sneak (level 5, -12/27 HPs)
             Began as a Spriggan Brigand on Oct 23, 2022.
             Mangled by a gargoyle
             ... wielding a +0 flail
              (18 damage)
             ... on level 7 of the Dungeon.
             The game lasted 00:07:11 (2557 turns).

koil the Sneak (Spriggan Brigand)                   Turns: 2557, Time: 00:07:11

Health: -12/27     AC:  4    Str:  7    XL:     5   Next: 17%
Magic:  9/9        EV: 17    Int: 15    God:
Gold:   223        SH:  0    Dex: 16    Spells: 5/8 levels left

rFire   . . .      SeeInvis +    p - +2 dagger (drain)
rCold   . . .      Faith    .    (no shield)
rNeg    . . .      Spirit   .    t - +0 robe
rPois   .          Reflect  .    (helmet restricted)
rElec   .          Harm     .    E - +1 cloak
rCorr   .          Rampage  .    (gloves unavailable)
Will    .....                    (boots unavailable)
Stlth   +++.......               (no amulet)
HPRegen 0.24/turn                (no ring)
MPRegen 0.11/turn                (no ring)

@: very quick
A: very small, no large weapons, unfitting armour, see invisible, speed 3
a: no special abilities


You were on level 7 of the Dungeon.
You visited 1 branch of the dungeon, and saw 5 of its levels.

You collected 223 gold pieces.

Inventory:

Hand Weapons
 a - a +2 dagger
 p - a +2 dagger of draining (weapon)
 x - a +2 quarterstaff of chaos
 z - a +0 flail of draining
Missiles
 e - 2 curare-tipped darts (quivered)
 A - a boomerang of dispersal
Armour
 b - a +0 robe
 c - a +0 cloak
 o - a +0 robe
 t - a +0 robe (worn)
 u - the +0 ring mail "Dusm" {Str+2}
   (You found it on level 2 of the Dungeon)

   Str:       It affects your strength (+2).
 w - a +0 robe
 y - a +0 cloak
 E - a +1 cloak (worn)
Jewellery
 B - an amulet of guardian spirit
Scrolls
 f - 2 scrolls of enchant armour {unknown}
 g - a scroll of vulnerability {unknown}
 h - 4 scrolls of identify {unknown}
 i - a scroll of blinking {unknown}
 j - a scroll of fear {unknown}
 m - a scroll of fog {unknown}
 r - 3 scrolls of poison {unknown}
 s - 2 scrolls of noise {unknown}
 D - 2 scrolls of teleportation {unknown}
 F - a scroll of amnesia {unknown}
Potions
 k - 3 potions of flight {unknown}
 l - a potion of invisibility {unknown}
 n - 2 potions of attraction {unknown}
 q - a potion of cancellation {unknown}
 v - a potion of berserk rage {unknown}
 C - a potion of brilliance {unknown}
 G - a potion of curing {unknown}


   Skills:
 + Level 2.4 Fighting
 + Level 3.3 Short Blades
 - Level 2.0 Throwing
 + Level 3.0 Dodging
 + Level 6.8 Stealth
 + Level 2.4 Spellcasting
 + Level 0.3 Hexes


You had 5 spell levels left.
You knew the following spells:

 Your Spells              Type           Power      Damage    Failure   Level
a - Confusing Touch       Hex            2%         N/A       50%         3

Your spell library contained the following spells:

 Spells                   Type           Power      Damage    Failure   Level
 Slow                     Hex            8%         N/A       19%         1
 Ignite Poison            Fire/Tmut/Pois 1%         N/A       54%         3
 Kindle Blastsparks       Fire/Tloc/Air  2%         2d10      54%         3
 Vampiric Draining        Necr           1%         2d6       54%         3
 Animate Dead             Necr           1%         N/A       91%         4
 Freezing Cloud           Conj/Ice/Air   0%         6-21      99%         5
 Haunt                    Necr/Summ      0%         N/A       100%        7
 Infestation              Necr           0%         N/A       100%        8


Dungeon Overview and Level Annotations

Branches:
Dungeon (4/15)             Temple (0/1) D:4

Altars:

Portals:
Bailey: D:7


Innate Abilities, Weirdness & Mutations

You are very small and have problems with some larger weapons.
You are too small for most types of armour.
You have supernaturally acute eyesight. (SInv)
You cover ground extremely quickly. (Speed+++)


Message History

Press: ? - help, Q - select action, (/) - cycle Shift-Dir - straight line, f/p - orc warrior
Aim: an orc warrior, wielding a +0 short sword and wearing a +0 plate armour (moderately wounded, poisoned, 62% to hit)
You throw a poisoned dart.
The poisoned dart closely misses the orc warrior.
The poisoned dart hits the orc priest.
The orc priest is poisoned.
A shadow imp comes into view.
Found a stone staircase leading down.
The orc priest calls upon Beogh to heal the orc warrior.
The orc warrior is healed somewhat.
Throw: 3 darts (curare)
Press: ? - help, Q - select action, (/) - cycle Shift-Dir - straight line, f/p - orc warrior
Aim: an orc warrior, wielding a +0 short sword and wearing a +0 plate armour (lightly wounded, poisoned, 62% to hit)
You throw a curare-tipped dart.
The curare-tipped dart hits the orc warrior.
The orc warrior looks even sicker.
The orc warrior convulses.
The orc warrior seems to slow down.
The orc warrior is heavily wounded.
Found 11 gold pieces.
Found a large rock.
Found 7 stones and a large rock.
Found a large rock and 3 stones.
Found the +6 shillelagh "Devastator" {shatter}.
Found 28 stones.
A two-headed ogre and a gargoyle come into view.
Found 5 stones.
Found 6 stones and a large rock.
You see here 11 gold pieces.
Found 4 stones.
The two-headed ogre shouts in stereo!
You see here a large rock.
A shadow imp comes into view.
Found 5 stones.
Found an escape hatch in the floor.
The gargoyle hurls a stone arrow at you.
The stone arrow hits you!!
Ouch! That really hurt!
* * * LOW HITPOINT WARNING * * *
The gargoyle hits you with a +0 flail!!
Ouch! That really hurt!
You die...

~.###.#.# #
#...# #
#.####..##
#.#........#
#....#(#$#.# >.
+....#(.(8.#....
#5.#(....(.8....
#....8((.#......
#....O.@...8....
#...(#(9(#..#+##
###.....(.(##
##(#...#.#
###.#(### #.###
#. ##


You could see a two-headed ogre, a gargoyle and a shadow imp (wandering).

Vanquished Creatures
  Crazy Yiuf (D:2)
  4 adders
  4 dart slugs
  8 orcs
  3 endoplasms
  3 giant cockroaches (D:1)
  10 hobgoblins
  4 jackals
  4 kobolds
  3 quokkas
  7 ball pythons
  4 bats (D:1)
  8 frilled lizards
  8 goblins
  5 rats
76 creatures vanquished.

Notes
Turn   | Place    | Note
-------+----------+-------------------------------------------
     0 | D:1      | koil the Spriggan Brigand began the quest for the Orb.
     0 | D:1      | Reached XP level 1. HP: 10/10 MP: 2/2
   265 | D:1      | Reached skill level 6 in Stealth
   271 | D:1      | Reached XP level 2. HP: 15/15 MP: 3/3
   350 | D:1      | Reached skill level 1 in Spellcasting
   886 | D:1      | Reached XP level 3. HP: 18/18 MP: 5/5
  1463 | D:2      | Identified the +0 ring mail "Dusm" {Str+2}
  1675 | D:2      | Found a runed translucent door.
  1676 | D:2      | Noticed Crazy Yiuf
  1726 | D:2      | Killed Crazy Yiuf
  1727 | D:2      | Reached XP level 4. HP: 23/23 MP: 6/8
  2161 | D:3      | Reached XP level 5. HP: 27/27 MP: 9/9
  2193 | D:3      | Learned a level 3 spell: Confusing Touch
  2474 | D:4      | Found a staircase to the Ecumenical Temple.
  2488 | D:4      | You fall into a shaft and drop 3 floors!
  2503 | D:7      | Found a flagged portal.
  2508 | D:7      | Noticed an orc warrior
  2550 | D:7      | Found the +6 shillelagh "Devastator" {shatter}
  2552 | D:7      | Noticed a two-headed ogre
  2552 | D:7      | Noticed a gargoyle
  2557 | D:7      | Mangled by a gargoyle

Illustrated notes

Levels and vault maps discovered:
D:1:      sevenhm_arrival_forest_fort_large_4, layout_basic, nrook_mini_vaults
D:2:      layout_rooms, uniq_crazy_yiuf_cottage
D:3:      layout_rooms
D:4:      layout_gridville, minmay_temple_entry_junction, portal_sewer_entry_a
D:7:      layout_basic, kennysheep_slug_shrine, enter_bailey_5,
          dilly_guarded_unrand_devastator

Skill      XL: |  1  2  3  4 |
---------------+-------------+-----
Stealth        | 6 |  6.8
Spellcasting   | 1 2 |  2.4
Dodging        | 2 3 |  3.0
Fighting       | 2 |  2.4
Short Blades   | 3 |  3.3
Throwing       | |  2.0
Hexes          | |  0.3

Action                   |  1- 3 |  4- 6 || total
-------------------------+-------+-------++-------
Melee: Dagger            |   115 |    67 ||   182
Throw: Dart              |     8 |     9 ||    17
 Stab: Sleeping          |    16 |     4 ||    20
       Distracted        |       |     2 ||     2
Armor: Robe              |    13 |     5 ||    18
Dodge: Dodged            |    65 |    31 ||    96

Table legend: (Time is in decaauts)
 A = Elapsed time spent in this place.
 B = Non-inter-level travel time spent in this place.
 C = Inter-level travel time spent in this place.
 D = Time resting spent in this place.
 E = Time spent auto-exploring this place.
 F = Levels seen in this place.
 G = Mean time per level.
                   A        B        C        D        E       F      G
               +--------+--------+--------+--------+--------+-----+--------+
         Total |   1749 |   1708 |     41 |      0 |   1146 |   5 |  349.8 |
       Dungeon |   1749 |   1708 |     41 |      0 |   1146 |   5 |  349.8 |
               +--------+--------+--------+--------+--------+-----+--------+

Top non-repeatable levels by time:
     D:1: 755 daAuts
     D:2: 559 daAuts
     D:3: 354 daAuts
     D:7: 47 daAuts
     D:4: 32 daAuts
